[Event "Liberia Championship 2023"]
[Site "Monrovia"]
[Date "2024.01.16"]
[Round "3.2"]
[White "Obediah Saah"]
[Black "Arnold Smith"]
[Result "1/2-1/2"]
[ECO "E17"]
[WhiteElo "1756"]
[BlackElo "1844"]
[Annotator "NA COMBH"]
[PlyCount "65"]
[EventDate "2024.01.16"]
[EventType "swiss"]
[EventCountry "LBR"]
[SourceTitle "playchess.com"]
[Source "ChessBase"]
[SourceQuality "1"]
[TimeControl "40/5400+30:1800+30"]

1. d4 Nf6 2. Nf3 d5 3. c4 e6 4. g3 Be7 5. Bg2 O-O 6. Qc2 b6 7. O-O Bb7 8. cxd5 Bxd5 9. Nc3 Bb7 10. Rd1 Nbd7 11. Bf4 c6 12. Rac1 Rc8 13. Qb3 h6 14. Ne5 Nd5 15. Bd2 Bd6 16. Nxd7 Qxd7 17. e4 Nxc3 18. bxc3 Rfd8 19. c4 Bf8 20. h4 Qc7 21. Bf4 Qe7 22. Rd3 Rd7 23. Rcd1 Rcd8 24. d5 cxd5 25. cxd5 exd5 26. exd5 Qb4 27. d6 Qxb3 28. axb3 Bxg2 29. Kxg2 f6 30. h5 Kf7 31. Kf3 Ke6 32. Re1+ Kf7 33. Red1 1/2-1/2

[Event "Liberia Championship 2023"]
[Site "Monrovia"]
[Date "2024.01.16"]
[Round "3.3"]
[White "Foday W. Kondoh"]
[Black "Joel O. Ebiekuta"]
[Result "0-1"]
[ECO "B07"]
[WhiteElo "1785"]
[BlackElo "1875"]
[Annotator "NA RC"]
[PlyCount "160"]
[EventDate "2024.01.16"]
[EventType "swiss"]
[EventCountry "LBR"]
[SourceTitle "playchess.com"]
[Source "ChessBase"]
[SourceQuality "1"]
[TimeControl "40/5400+30:1800+30"]

1. e4 d6 2. d4 Nf6 3. Nc3 g6 4. Bc4 Bg7 5. Nge2 O-O 6. Ng3 c6 7. O-O Nxe4 8. Ncxe4 d5 9. Bb3 dxe4 10. c3 Bf5 11. Nxf5 gxf5 12. Qh5 e6 13. f3 exf3 14. Rxf3 Qf6 15. Rh3 Qg6 16. Qf3 Qg4 17. Qf2 Kh8 18. Bf4 Rg8 19. Kh1 Bf6 20. Rg3 Qh4 21. Rxg8+ Kxg8 22. Qe3 Nd7 23. Rf1 Kh8 24. Rf3 Rg8 25. Rh3 Qg4 26. Rg3 Qh4 27. Rxg8+ Kxg8 28. Qg3+ Qxg3 29. Bxg3 Bg5 30. c4 Bc1 31. d5 f4 32. Bf2 Bxb2 33. dxc6 bxc6 34. Bxa7 Kf8 35. Ba4 Ne5 36. Bb3 Ba3 37. Bb8 f3 38. gxf3 Nxf3 39. Ba4 Nd4 40. Be5 c5 41. Bd1 Ke7 42. Kg2 f6 43. Bf4 e5 44. Be3 Ke6 45. Kf2 f5 46. Bd2 Bb4 47. Bh6 Nc6 48. Ba4 Na5 49. Bb5 Nb7 50. Bc6 Nd6 51. Bd5+ Kf6 52. a4 Nc8 53. Bc6 Nb6 54. Bb5 Ke6 55. Bf8 Nd7 56. Bg7 Nf6 57. Ke2 e4 58. Bh6 Ng4 59. Bf4 Ne5 60. Ba6 Nd3 61. Bc8+ Kf6 62. Bc7 Nc1+ 63. Ke3 Nb3 64. Bd8+ Kg6 65. h4 h5 66. Bd7 Bd2+ 67. Ke2 f4 68. Be8+ Kf5 69. Bxh5 Bc3 70. Kd1 Na5 71. Bf7 f3 72. Bg5 Nc6 73. Be3 Bd4 74. Bxd4 Nxd4 75. Bh5 Kf4 76. a5 e3 77. a6 e2+ 78. Kd2 Nb3+ 79. Ke1 Nc1 80. Kd2 Nd3 0-1

[Event "Liberia Championship 2023"]
[Site "Monrovia"]
[Date "2024.01.16"]
[Round "3.4"]
[White "John Jallah"]
[Black "Anthony Waylea, Jr."]
[Result "*"]
[ECO "C50"]
[WhiteElo "1761"]
[BlackElo "1939"]
[Annotator "NA RC"]
[PlyCount "131"]
[EventDate "2024.01.16"]
[EventType "swiss"]
[EventCountry "LBR"]
[SourceTitle "playchess.com"]
[Source "ChessBase"]
[SourceQuality "1"]
[TimeControl "40/5400+30:1800+30"]

1. e4 Nc6 2. Nc3 e5 3. Nf3 Nf6 4. Bc4 Bc5 5. h3 d6 6. d3 h6 7. a3 a5 8. Qe2 Qe7 9. O-O O-O 10. Nd5 Qd8 11. c3 Nxd5 12. Bxd5 Ne7 13. Ba2 Ng6 14. d4 Ba7 15. Rd1 Qf6 16. Be3 Be6 17. dxe5 dxe5 18. Qb5 Bxe3 19. fxe3 Bxh3 20. Rf1 Bc8 21. Rf2 Qe7 22. b4 c6 23. Qe2 Be6 24. Qb2 Bxa2 25. Qxa2 Rad8 26. Raf1 Rd3 27. Qc4 Rd6 28. a4 Qe6 29. Qxe6 Rxe6 30. Nd2 Re7 31. Nc4 axb4 32. cxb4 Rd8 33. Rb2 f6 34. Rc1 Nf8 35. Na5 Ne6 36. b5 Ra8 37. bxc6 bxc6 38. Nxc6 Rc7 39. Rc4 Nd8 40. Nxe5 Rxc4 41. Nxc4 Rxa4 42. Rb8 Rxc4 43. Rxd8+ Kf7 44. Rd4 Rc2 45. Kh2 Rc3 46. Kg3 Rxe3+ 47. Kf2 Ra3 48. Rd5 Ke6 49. Rb5 Rd3 50. Ra5 g6 51. Rb5 h5 52. g3 h4 53. gxh4 Rh3 54. Ra5 Rxh4 55. Ke3 Rh3+ 56. Kf2 Rh5 57. Ra8 Ke5 58. Re8+ Kf4 59. Rf8 Kxe4 60. Rxf6 Rf5+ 61. Rxf5 Kxf5 62. Kf3 Ke5 63. Kg4 Ke6 64. Kg5 Kf7 65. Kg4 Kf6 66. Kf4 *

[Event "Liberia Championship 2023"]
[Site "Monrovia"]
[Date "2024.01.16"]
[Round "3.5"]
[White "Thomas, Saah"]
[Black "Jacob, Jallah"]
[Result "*"]
[ECO "B12"]
[WhiteElo "1889"]
[BlackElo "1781"]
[Annotator "NA COMBH RC"]
[PlyCount "131"]
[EventDate "2024.01.16"]
[EventType "swiss"]
[EventCountry "LBR"]
[SourceTitle "playchess.com"]
[Source "ChessBase"]
[SourceQuality "1"]
[TimeControl "40/5400+30:1800+30"]

1. e4 c6 2. d4 d5 3. Bd3 dxe4 4. Bxe4 Nf6 5. Bf3 Bf5 6. Nc3 h6 7. h4 Qd7 8. Bf4 Na6 9. a3 Nc7 10. Qd2 e6 11. O-O-O Ncd5 12. Nge2 Bd6 13. Be5 b5 14. Nxd5 cxd5 15. Qa5 a6 16. Nc3 O-O 17. Rhg1 Bxe5 18. dxe5 Ng4 19. Bxg4 Bxg4 20. Rd4 Bf5 21. g4 Bh7 22. Nd1 Qe7 23. g5 h5 24. Ne3 Qc5 25. Qd2 a5 26. f4 b4 27. a4 Rac8 28. f5 exf5 29. Rxd5 Qc6 30. b3 Qb6 31. Rd1 Rc3 32. Nc4 Qc7 33. Qf4 Rc8 34. Kb2 Bg6 35. R1d2 Kh7 36. Rxa5 Rxc4 37. Qxc4 Qxc4 38. bxc4 Rxc4 39. Kb3 Rxh4 40. Rb5 f4 41. a5 f3 42. a6 Rg4 43. Rf2 Be4 44. Rxb4 Bc6 45. Rb6 Bd5+ 46. Kc3 Rg2 47. g6+ fxg6 48. Rd2 f2 49. Rb1 Bc6 50. Rf1 Rg5 51. Kd4 Bb5 52. Rfxf2 Bxa6 53. e6 Bb5 54. e7 h4 55. Rde2 Kh6 56. Rf8 Rg4+ 57. Re4 Kg5 58. Rxg4+ Kxg4 59. c4 Ba4 60. c5 h3 61. Ke5 h2 62. Rh8 Kg3 63. Kd6 g5 64. c6 g4 65. e8=Q Bd1 {[%emt 0:01:14] #5} 66. Qe1+ *

[Event "Liberia Championship 2023"]
[Site "Monrovia"]
[Date "2024.01.16"]
[Round "3.6"]
[White "Harold Evans"]
[Black "James, Tondo"]
[Result "0-1"]
[ECO "B21"]
[WhiteElo "1735"]
[BlackElo "1837"]
[Annotator "NA RC"]
[PlyCount "127"]
[EventDate "2024.01.16"]
[EventType "swiss"]
[EventCountry "LBR"]
[SourceTitle "playchess.com"]
[Source "ChessBase"]
[SourceQuality "1"]
[TimeControl "40/5400+30:1800+30"]

1. e4 c5 2. d4 cxd4 3. Qxd4 Nc6 4. Qe3 Nf6 5. Nc3 d5 6. exd5 Nxd5 7. Nxd5 Qxd5 8. Nf3 Bf5 9. c3 e5 10. Be2 Bc5 11. Qg5 Bg6 12. O-O f6 13. Qh4 Qe4 14. Qxe4 Bxe4 15. Nd2 Bc2 16. Bb5 O-O-O 17. Bxc6 bxc6 18. Re1 Rd7 19. Nf1 Rhd8 20. Be3 Bf8 21. Rac1 Bg6 22. f3 Bf7 23. a3 Kb7 24. Bf2 Bb3 25. Be3 a5 26. Ng3 c5 27. Re2 Kc6 28. Nf1 Rd3 29. Rd2 c4 30. Re2 g5 31. Kf2 Bd1 32. Rd2 Ba4 33. Ke2 Bb5 34. Rdd1 h6 35. g4 Rxd1 36. Rxd1 Rxd1 37. Kxd1 Kd5 38. Bb6 a4 39. Ne3+ Ke6 40. Ke2 h5 41. h3 hxg4 42. hxg4 Bc6 43. Nf5 Bd7 44. Ba5 Bc5 45. Bb4 Bg1 46. Ba5 Bh2 47. Bb6 Bf4 48. Be3 Kd5 49. Ng7 e4 50. Nh5 exf3+ 51. Kxf3 Bxg4+ 52. Kxg4 Bxe3 53. Nxf6+ Kc6 54. Ne4 Bc1 55. Nxg5 Bxb2 56. Ne4 Kd5 57. Nd2 Bxa3 58. Kf3 Bc1 59. Nb1 a3 60. Nxa3 Bxa3 61. Ke2 Ke4 62. Kd2 Kf3 63. Kd1 Ke3 64. Kc2 0-1

[Event "Liberia Championship 2023"]
[Site "Monrovia"]
[Date "2024.01.16"]
[Round "3.7"]
[White "Daniel Kolliemelen"]
[Black "Alfred J. Kollie"]
[Result "1-0"]
[ECO "D00"]
[WhiteElo "1809"]
[BlackElo "1612"]
[Annotator "NA COMBH"]
[PlyCount "72"]
[EventDate "2024.01.16"]
[EventType "swiss"]
[EventCountry "LBR"]
[SourceTitle "playchess.com"]
[Source "ChessBase"]
[SourceQuality "1"]
[TimeControl "40/5400+30:1800+30"]

1. d4 d5 2. e3 Bf5 3. Bd3 Bg6 4. f4 e6 5. Nf3 c5 6. c3 Nc6 7. O-O Nf6 8. Ne5 Bxd3 9. Nxd3 c4 10. Nf2 Bd6 11. Nd2 O-O 12. Qf3 Bc7 13. e4 g6 14. e5 Nh5 15. g4 Ng7 16. g5 Qc8 17. Re1 Bd8 18. Nf1 Nf5 19. Ne3 Nce7 20. Nfg4 Nxe3 21. Nf6+ Kg7 22. Qh3 h5 23. gxh6+ Kh8 24. Bxe3 Nf5 25. Ng4 Bh4 26. Bf2 Be7 27. Kf1 b5 28. Ne3 Nxe3+ 29. Rxe3 Kh7 30. Qg4 Rg8 31. Rf3 Qd8 32. h4 a5 33. h5 g5 34. Rh3 Bf8 35. Qf3 f5 36. Be3 Rh8 1-0

[Event "Liberia Championship 2023"]
[Site "Monrovia"]
[Date "2024.01.16"]
[Round "3.8"]
[White "Bobby Ballah"]
[Black "Miller Moore"]
[Result "1-0"]
[ECO "C42"]
[WhiteElo "1913"]
[BlackElo "1677"]
[Annotator "NA RC"]
[PlyCount "51"]
[EventDate "2024.01.16"]
[EventType "swiss"]
[EventCountry "LBR"]
[SourceTitle "playchess.com"]
[Source "ChessBase"]
[SourceQuality "1"]
[TimeControl "40/5400+30:1800+30"]

1. e4 e5 2. Nf3 Nf6 3. Nxe5 Qe7 4. d4 d6 5. Nf3 Qxe4+ 6. Be2 Bf5 7. Na3 d5 8. O-O Bxa3 9. Bb5+ c6 10. Re1 Be7 11. Rxe4 Nxe4 12. Bd3 O-O 13. Ne5 f6 14. Nf3 Bd6 15. Be3 Bg4 16. c4 f5 17. cxd5 cxd5 18. Qb3 Bxf3 19. Qxd5+ Kh8 20. gxf3 Rf6 21. fxe4 Rg6+ 22. Kf1 Nc6 23. exf5 Nb4 24. Qxb7 Rb8 25. Rc1 Nxd3 26. Qb5 1-0

[Event "Liberia Championship 2023"]
[Site "Monrovia"]
[Date "2024.01.16"]
[Round "3.9"]
[White "Kennedy Zinnah Kengo"]
[Black "Rudolph Edwards"]
[Result "1-0"]
[ECO "C50"]
[WhiteElo "1789"]
[BlackElo "1630"]
[Annotator "NA COMBH"]
[PlyCount "93"]
[EventDate "2024.01.16"]
[EventType "swiss"]
[EventCountry "LBR"]
[SourceTitle "playchess.com"]
[Source "ChessBase"]
[SourceQuality "1"]
[TimeControl "40/5400+30:1800+30"]

1. e4 e5 2. Nf3 Nc6 3. Bc4 h6 4. O-O Nf6 5. Re1 Bc5 6. c3 Bb6 7. d4 d6 8. a4 a5 9. h3 O-O 10. Na3 Re8 11. Qb3 Qd7 12. d5 Na7 13. Nh4 Qe7 14. Qd1 c6 15. dxc6 bxc6 16. Be3 Bxe3 17. Rxe3 d5 18. exd5 cxd5 19. Bf1 Rb8 20. Nb5 Nc6 21. Nf3 Bf5 22. Nfd4 Qd7 23. Nxc6 Qxc6 24. Qe2 Nd7 25. Qd2 Rbd8 26. b4 axb4 27. cxb4 Nb6 28. a5 Nc4 29. Nd4 exd4 30. Rxe8+ Rxe8 31. Qxd4 Rb8 32. a6 Ra8 33. a7 Be6 34. Ra2 Qb7 35. Qc5 Bd7 36. Be2 Bc6 37. g3 Bd7 38. Bf3 Bc6 39. b5 Ne5 40. bxc6 Qb1+ 41. Kg2 Qxa2 42. c7 Nd3 43. c8=Q+ Rxc8 44. Qxc8+ Kh7 45. Qf5+ g6 46. Qxf7+ Kh8 47. Bxd5 1-0

[Event "Liberia Championship 2023"]
[Site "Monrovia"]
[Date "2024.01.17"]
[Round "4.1"]
[White "Arnold Smith"]
[Black "David Leroy Debblay"]
[Result "1-0"]
[ECO "C43"]
[WhiteElo "1844"]
[BlackElo "1791"]
[Annotator "NA RC"]
[PlyCount "163"]
[EventDate "2024.01.16"]
[EventType "swiss"]
[EventCountry "LBR"]
[SourceTitle "playchess.com"]
[Source "ChessBase"]
[SourceQuality "1"]
[TimeControl "40/5400+30:1800+30"]

1. e4 e5 2. Nf3 Nf6 3. d4 Nxe4 4. Bd3 d5 5. Nxe5 Bd6 6. O-O O-O 7. c4 c6 8. Nc3 Nxc3 9. bxc3 Be6 10. cxd5 Bxd5 11. Nc4 Bc7 12. Ne3 Be6 13. Qc2 h6 14. Nf5 Nd7 15. Ba3 Re8 16. Nd6 Bxd6 17. Bxd6 Nf6 18. Be5 Ng4 19. Bg3 h5 20. Rfe1 h4 21. Bf4 g5 22. Be5 f6 23. h3 fxe5 24. hxg4 exd4 25. Rxe6 Rxe6 26. Bc4 Qf6 27. Re1 Rae8 28. Qb3 Kf7 29. Qxb7+ Kf8 30. Qb4+ Rd6 31. Rxe8+ Kxe8 32. cxd4 Qxd4 33. Qb8+ Rd8 34. Qb4 Qd1+ 35. Bf1 Qd4 36. Qb7 Qd7 37. Qa6 Rb8 38. Qe2+ Qe7 39. Qc2 Kd7 40. Qf5+ Kd6 41. Qd3+ Kc7 42. Qa6 Qc5 43. Qd3 Rb2 44. Qh7+ Kb6 45. Qf7 Rb4 46. Qe8 Rd4 47. Qe2 a5 48. Qb2+ Kc7 49. Qe2 Rf4 50. Qb2 Qd4 51. Qc2 Rxg4 52. Qh7+ Kb6 53. Qb1+ Qb4 54. Qf5 h3 55. g3 Qe4 56. Qc8 Kc5 57. Bxh3 Qe1+ 58. Bf1 Rd4 59. Qf8+ Rd6 60. Qf5+ Rd5 61. Qf8+ Rd6 62. Qf5+ Kb6 63. Qf7 Qc3 64. Qg8 Qd2 65. Qc4 Qd5 66. Qa6+ Kc7 67. Qa7+ Kd8 68. Qb8+ Ke7 69. Qb2 c5 70. Qg7+ Kd8 71. Bg2 Qd1+ 72. Bf1 g4 73. Qf8+ Kc7 74. Qe7+ Kb6 75. Qe8 c4 76. Qb8+ Kc5 77. Qc7+ Rc6 78. Qxa5+ Kd4 79. Qd8+ Kc3 80. Qxd1 Kb4 81. Qxg4 Rc5 82. Qxc4+ 1-0

[Event "Liberia Championship 2023"]
[Site "Monrovia"]
[Date "2024.01.17"]
[Round "4.2"]
[White "Barcon, Harmon"]
[Black "Obediah Saah"]
[Result "1-0"]
[ECO "C65"]
[WhiteElo "1902"]
[BlackElo "1756"]
[Annotator "NA RC"]
[PlyCount "149"]
[EventDate "2024.01.16"]
[EventType "swiss"]
[EventCountry "LBR"]
[SourceTitle "playchess.com"]
[Source "ChessBase"]
[SourceQuality "1"]
[TimeControl "40/5400+30:1800+30"]

1. e4 e5 2. Nf3 Nc6 3. Bb5 Nf6 4. d3 Bc5 5. O-O d6 6. h3 O-O 7. c3 a6 8. Ba4 Ba7 9. Re1 Ne7 10. Nbd2 Ng6 11. Nf1 Bd7 12. Bb3 h6 13. Ng3 Re8 14. Be3 Bxe3 15. fxe3 Be6 16. Bc2 c5 17. Nf5 d5 18. Qe2 dxe4 19. dxe4 Qc7 20. c4 Rad8 21. Rad1 Kf8 22. b3 Qc6 23. Ng3 Qc7 24. Nd2 Qa5 25. a4 Rd7 26. Nb1 Red8 27. Rxd7 Rxd7 28. Rd1 Ke7 29. Rxd7+ Bxd7 30. Qd1 Nf8 31. Ne2 Ne6 32. Nbc3 Nc7 33. Qd2 Qb4 34. Nc1 Qb6 35. Nd5+ Ncxd5 36. exd5 e4 37. Ne2 Qd6 38. Qc3 b5 39. axb5 axb5 40. Kf2 b4 41. Qa1 Bf5 42. Ng3 Bh7 43. Bd1 Ne8 44. Bg4 Qf6+ 45. Qxf6+ Nxf6 46. Bf5 Bg6 47. Bxg6 fxg6 48. Nf1 g5 49. Kg3 Kd6 50. h4 gxh4+ 51. Kf4 g6 52. Nd2 Nh5+ 53. Kxe4 Ng3+ 54. Kf4 g5+ 55. Kg4 Ke5 56. e4 Kf6 57. d6 h5+ 58. Kf3 Ke6 59. e5 Nf5 60. Ke4 Nd4 61. Nf3 Nxb3 62. Nxg5+ Kd7 63. Kd5 Nd4 64. e6+ Kc8 65. d7+ Kc7 66. Ne4 b3 67. Nxc5 Nf5 68. Nxb3 Ne3+ 69. Ke5 Nxg2 70. Nc5 Ne3 71. e7 Nxc4+ 72. Kf4 Kc6 73. e8=Q Nd6 74. d8=Q+ Nxe8 75. Qxe8+ 1-0

[Event "Liberia Championship 2023"]
[Site "Monrovia"]
[Date "2024.01.17"]
[Round "4.3"]
[White "James, Tondo"]
[Black "Thomas, Saah"]
[Result "0-1"]
[ECO "B30"]
[WhiteElo "1837"]
[BlackElo "1889"]
[Annotator "NA RC"]
[PlyCount "56"]
[EventDate "2024.01.16"]
[EventType "swiss"]
[EventCountry "LBR"]
[SourceTitle "playchess.com"]
[Source "ChessBase"]
[SourceQuality "1"]
[TimeControl "40/5400+30:1800+30"]

1. e4 c5 2. Nf3 Nc6 3. Bb5 Qb6 4. Bxc6 Qxc6 5. O-O Qxe4 6. d4 cxd4 7. Re1 Qg6 8. Ne5 Qb6 9. Na3 d5 10. c3 e6 11. Qa4+ Ke7 12. Nb5 f6 13. Nf3 Bd7 14. Nfxd4 e5 15. Be3 Kf7 16. Qb3 exd4 17. Qxd5+ Be6 18. Qe4 Qxb5 19. Bxd4 Qc6 20. Qh4 Ne7 21. Qh5+ g6 22. Qe2 Bg7 23. Rad1 Rhe8 24. b3 Nf5 25. Rd3 Bc4 26. Be3 Nxe3 27. fxe3 Bxd3 28. Qxd3 Rad8 0-1

[Event "Liberia Championship 2023"]
[Site "Monrovia"]
[Date "2024.01.17"]
[Round "4.4"]
[White "Joel O. Ebiekuta"]
[Black "Daniel Kolliemelen"]
[Result "0-1"]
[ECO "D00"]
[WhiteElo "1875"]
[BlackElo "1809"]
[Annotator "NA RC"]
[PlyCount "113"]
[EventDate "2024.01.16"]
[EventType "swiss"]
[EventCountry "LBR"]
[SourceTitle "playchess.com"]
[Source "ChessBase"]
[SourceQuality "1"]
[TimeControl "40/5400+30:1800+30"]

1. d4 d5 2. Bf4 e6 3. e3 Bd6 4. Bg3 f5 5. c4 c6 6. Nc3 a6 7. Nf3 Nf6 8. Ne5 O-O 9. Bd3 Bc7 10. O-O Nbd7 11. f4 Nxe5 12. fxe5 Ng4 13. Rf3 b5 14. c5 a5 15. Qe2 Bd7 16. Raf1 Qe7 17. h3 Nh6 18. Bf4 Nf7 19. g4 Ng5 20. Bxg5 Qxg5 21. Kh2 g6 22. gxf5 exf5 23. Rf4 Bd8 24. Rg1 Qh6 25. Qg2 Kh8 26. Nxd5 cxd5 27. Qxd5 Bg5 28. Rxg5 Qxg5 29. Qxd7 Qh5 30. Rf1 Qh6 31. Rf3 f4 32. Qg4 fxe3 33. Be2 Rxf3 34. Bxf3 Rf8 35. c6 e2 36. Bxe2 Qe3 37. Kh1 Rf2 38. c7 Qc1+ 39. Bd1 Qxc7 40. Kg1 Rxb2 41. Qf3 Qe7 42. d5 Kg7 43. Qe3 h6 44. Kf1 Rxa2 45. d6 Qf7+ 46. Ke1 Qc4 47. Qa7+ Kg8 48. Qb8+ Kf7 49. Qc7+ Kf8 50. Qxc4 bxc4 51. e6 Ra1 52. e7+ Ke8 53. Kd2 Rxd1+ 54. Kxd1 a4 55. Kc2 a3 56. Kc3 g5 57. Kd4 0-1

[Event "Liberia Championship 2023"]
[Site "Monrovia"]
[Date "2024.01.17"]
[Round "4.5"]
[White "Foday W. Kondoh"]
[Black "Bobby Ballah"]
[Result "0-1"]
[ECO "B50"]
[WhiteElo "1785"]
[BlackElo "1913"]
[Annotator "NA RC"]
[PlyCount "72"]
[EventDate "2024.01.16"]
[EventType "swiss"]
[EventCountry "LBR"]
[SourceTitle "playchess.com"]
[Source "ChessBase"]
[SourceQuality "1"]
[TimeControl "40/5400+30:1800+30"]

1. e4 c5 2. Nf3 Nc6 3. b3 d6 4. Bb2 Nf6 5. e5 dxe5 6. Nxe5 Nxe5 7. Bxe5 e6 8. Bb5+ Bd7 9. Bxf6 gxf6 10. Qe2 Bg7 11. Nc3 O-O 12. Bxd7 Qxd7 13. Rd1 f5 14. O-O Kh8 15. Qc4 b6 16. Ne2 Rad8 17. Qh4 Rg8 18. Kh1 Qc6 19. f3 Be5 20. c3 Rd3 21. Nc1 Rd7 22. Rfe1 Qd6 23. Ne2 Rg6 24. g3 Qc6 25. Kg2 Rd3 26. Ng1 Qd6 27. Re2 Bxc3 28. Qa4 Be5 29. Qxa7 Bxg3 30. Qxf7 Bxh2+ 31. Kh1 Rh6 32. Qe8+ Kg7 33. Nh3 Rxh3 34. Rg2+ Bg3+ 35. Kg1 Qd4+ 36. Kf1 Rxf3+ 0-1

[Event "Liberia Championship 2023"]
[Site "Monrovia"]
[Date "2024.01.17"]
[Round "4.6"]
[White "Anthony Waylea, Jr."]
[Black "Kennedy Zinnah Kengo"]
[Result "1/2-1/2"]
[ECO "C54"]
[WhiteElo "1939"]
[BlackElo "1789"]
[Annotator "NA RC"]
[PlyCount "115"]
[EventDate "2024.01.16"]
[EventType "swiss"]
[EventCountry "LBR"]
[SourceTitle "playchess.com"]
[Source "ChessBase"]
[SourceQuality "1"]
[TimeControl "40/5400+30:1800+30"]

1. e4 e5 2. Nf3 Nc6 3. d4 exd4 4. Bc4 Bc5 5. c3 Nge7 6. cxd4 Bb4+ 7. Nc3 d5 8. exd5 Nxd5 9. Bxd5 Qxd5 10. O-O Bxc3 11. bxc3 O-O 12. h3 Na5 13. Re1 f6 14. Ba3 Rd8 15. Re7 Nc4 16. Qe2 Bd7 17. Bc1 Re8 18. Bf4 Rxe7 19. Qxe7 Re8 20. Qb4 a5 21. Qb3 a4 22. Qd1 Rc8 23. Rb1 b5 24. Nd2 Bc6 25. f3 g5 26. Nxc4 Qxc4 27. Bg3 Qxa2 28. Qd3 Qd5 29. Re1 Be8 30. Re7 Bg6 31. Qe3 a3 32. c4 bxc4 33. Qxa3 Qxd4+ 34. Bf2 Qd1+ 35. Re1 Qd6 36. Bc5 Qd2 37. Bb4 Qd4+ 38. Kh1 c5 39. Bc3 Qf4 40. Qa6 Rf8 41. Qb5 Qd6 42. Qxc4+ Bf7 43. Qa4 c4 44. Bb4 Qg3 45. Qa1 Rb8 46. Bc3 Rb6 47. Rd1 Kg7 48. Qa5 Re6 49. Qf5 Qf4 50. Qxf4 gxf4 51. Rd4 Re3 52. Bd2 Re2 53. Kg1 Bg6 54. Bc3 Rc2 55. Rxc4 Bd3 56. Rc6 Kg8 57. Rc7 f5 58. Ba5 1/2-1/2

[Event "Liberia Championship 2023"]
[Site "Monrovia"]
[Date "2024.01.17"]
[Round "4.7"]
[White "Jacob, Jallah"]
[Black "John Jallah"]
[Result "0-1"]
[ECO "A07"]
[WhiteElo "1781"]
[BlackElo "1761"]
[Annotator "NA RC"]
[PlyCount "84"]
[EventDate "2024.01.16"]
[EventType "swiss"]
[EventCountry "LBR"]
[SourceTitle "playchess.com"]
[Source "ChessBase"]
[SourceQuality "1"]
[TimeControl "40/5400+30:1800+30"]

1. Nf3 d5 2. g3 Nf6 3. b3 Nbd7 4. d4 e6 5. Bg2 b6 6. O-O Bb7 7. Bb2 Bd6 8. Nbd2 c5 9. e3 O-O 10. c4 Ne4 11. Nxe4 dxe4 12. Ne1 cxd4 13. exd4 Qe7 14. Nc2 f5 15. Re1 Rad8 16. f4 Nf6 17. Qe2 h5 18. Bc3 h4 19. Ne3 Qf7 20. d5 Bc5 21. Kh1 hxg3 22. dxe6 Qxe6 23. Bxf6 Qxf6 24. Red1 Qh4 25. h3 Qxf4 26. Nd5 Bxd5 27. Rxd5 Rxd5 28. cxd5 Qe5 29. Rd1 Re8 30. d6 Bxd6 31. Qc4+ Kf8 32. Rd5 Qf6 33. Qf1 g6 34. Qd1 Bc5 35. Qe1 Bf2 36. Qb4+ Re7 37. Rd8+ Kf7 38. Qc4+ Qe6 39. Qc3 Rd7 40. Bf1 Rxd8 41. Kg2 f4 42. Be2 f3+ 0-1

[Event "Liberia Championship 2023"]
[Site "Monrovia"]
[Date "2024.01.17"]
[Round "4.8"]
[White "Alfred J. Kollie"]
[Black "Harold Evans"]
[Result "0-1"]
[ECO "D00"]
[WhiteElo "1612"]
[BlackElo "1735"]
[Annotator "NA RC"]
[PlyCount "101"]
[EventDate "2024.01.16"]
[EventType "swiss"]
[EventCountry "LBR"]
[SourceTitle "playchess.com"]
[Source "ChessBase"]
[SourceQuality "1"]
[TimeControl "40/5400+30:1800+30"]

1. d4 d5 2. c3 Nc6 3. Bg5 Bf5 4. f3 Qd7 5. Nd2 f6 6. Bf4 e5 7. dxe5 fxe5 8. Bg5 Nf6 9. e3 O-O-O 10. Bb5 Qe6 11. Qa4 Bc5 12. Bxc6 bxc6 13. Qa6+ Kd7 14. Ne2 h6 15. Bxf6 gxf6 16. e4 dxe4 17. fxe4 Bh7 18. O-O-O Ke7 19. Ng3 h5 20. Rhf1 Be3 21. Nf5+ Bxf5 22. Rxf5 Rhg8 23. Qe2 Bxd2+ 24. Rxd2 Qxa2 25. Rxd8 Rxd8 26. Rxh5 Rb8 27. Rh7+ Ke6 28. Qg4+ Kd6 29. Qd7+ Kc5 30. b4+ Kb5 31. Qxc7 Qa1+ 32. Kd2 Qb2+ 33. Kd3 Qb1+ 34. Ke3 Qe1+ 35. Kd3 Qd1+ 36. Ke3 Qc1+ 37. Kd3 Qd1+ 38. Ke3 Qe1+ 39. Kf3 Qxc3+ 40. Kg4 Rb6 41. Qxa7 Qxb4 42. Kf5 Qd2 43. Rh3 Qg5+ 44. Ke6 c5+ 45. Kf7 Kc6 46. Qa4+ Kc7 47. Rh7 Kd6 48. Qa8 f5 49. Qd5+ Kc7 50. Kf8+ Kb8 51. Qxe5+ 0-1

[Event "Liberia Championship 2023"]
[Site "Monrovia"]
[Date "2024.01.17"]
[Round "4.9"]
[White "Miller Moore"]
[Black "Prince Jegbadai"]
[Result "1-0"]
[ECO "C01"]
[WhiteElo "1677"]
[BlackElo "1627"]
[Annotator "NA RC"]
[PlyCount "157"]
[EventDate "2024.01.16"]
[EventType "swiss"]
[EventCountry "LBR"]
[SourceTitle "playchess.com"]
[Source "ChessBase"]
[SourceQuality "1"]
[TimeControl "40/5400+30:1800+30"]

1. d4 e6 2. e4 d5 3. f3 c5 4. c3 c4 5. a4 Ne7 6. Bf4 Ng6 7. Bg3 Nc6 8. Qc2 Na5 9. Nd2 Qb6 10. Ne2 Be7 11. h4 Bd7 12. h5 Nf8 13. Nf4 Bc6 14. exd5 exd5 15. Be2 Ne6 16. Nxe6 fxe6 17. h6 g6 18. Be5 Rf8 19. f4 Kd7 20. Bg4 Qd8 21. Qd1 Bh4+ 22. Ke2 Bf6 23. Nf3 Nb3 24. Ra2 a5 25. Qe1 b5 26. axb5 Bxb5 27. Kf2 Qe7 28. g3 a4 29. Bxf6 Qxf6 30. Kg2 Rae8 31. Ng5 Rh8 32. Qe3 Kd6 33. Re1 Bd7 34. Qe5+ Qxe5 35. Rxe5 Re7 36. Bd1 Nc1 37. Ra1 Nd3 38. Re2 Ra8 39. Nf3 Ree8 40. Ne5 Nxe5 41. fxe5+ Ke7 42. Rf2 Rf8 43. Bc2 Rxf2+ 44. Kxf2 Rb8 45. Rb1 Kf7 46. Ke3 Kg8 47. g4 g5 48. Kd2 Be8 49. Kc1 Bg6 50. Bxg6 hxg6 51. Ra1 Ra8 52. Kc2 Kh7 53. Rf1 Ra6 54. Rf7+ Kxh6 55. Rd7 Ra8 56. Rd6 Re8 57. Ra6 Kg7 58. Ra7+ Kg8 59. Rxa4 Rf8 60. Ra6 Rf2+ 61. Kb1 Kf7 62. Ra7+ Kg8 63. Re7 Kf8 64. Rxe6 Kf7 65. Rd6 Rf4 66. Rxd5 Rxg4 67. Rc5 Re4 68. Rxc4 g4 69. Rc7+ Kg8 70. Rc6 Kg7 71. Rf6 Re1+ 72. Kc2 Kh6 73. Rf2 Kg5 74. Kd2 Re4 75. b4 g3 76. Rg2 Kf4 77. Re2 Rxe2+ 78. Kxe2 Kg4 79. Kf1 1-0

[Event "Liberia Championship 2023"]
[Site "Monrovia"]
[Date "2024.01.17"]
[Round "4.10"]
[White "Rudolph Edwards"]
[Black "Martin Dunbar"]
[Result "0-1"]
[ECO "C50"]
[WhiteElo "1630"]
[BlackElo "1709"]
[Annotator "NA RC"]
[PlyCount "90"]
[EventDate "2024.01.16"]
[EventType "swiss"]
[EventCountry "LBR"]
[SourceTitle "playchess.com"]
[Source "ChessBase"]
[SourceQuality "1"]
[TimeControl "40/5400+30:1800+30"]

1. e4 e5 2. Bc4 Bc5 3. d3 h6 4. h3 d6 5. a3 a6 6. Nf3 Nc6 7. Nc3 Nf6 8. Bd2 Bd7 9. Ne2 Qe7 10. Bc3 Ba7 11. Ba2 g5 12. Qd2 g4 13. hxg4 Nxg4 14. d4 O-O-O 15. Ng3 Be6 16. Bxe6+ fxe6 17. O-O-O exd4 18. Nxd4 Nxd4 19. Bxd4 Bxd4 20. Qxd4 Kb8 21. Kb1 Qf7 22. Rdf1 e5 23. Qd2 Qg6 24. f3 Nf6 25. Nf5 h5 26. Rfg1 d5 27. Qb4 Ka8 28. Ne7 Qf7 29. Nxd5 Nxd5 30. exd5 Rxd5 31. Rd1 Rxd1+ 32. Rxd1 Qg6 33. Rd2 h4 34. Re2 h3 35. gxh3 Qg1+ 36. Re1 Qg3 37. Qe4 Rd8 38. Qxe5 Rd1+ 39. Ka2 Qxe1 40. Qxc7 Ra1+ 41. Kb3 Qe6+ 42. c4 Ka7 43. f4 Qb6+ 44. Qxb6+ Kxb6 45. Kc3 Rf1 0-1